 Dungeon Crawl Stone Soup version 0.22.0-6-g71bd7aa6b3 (webtiles) character file.

137 Rerark the Skirmisher (level 5, -1/57 HPs)
             Began as an Ogre Berserker on Aug 14, 2018.
             Was a Follower of Cheibriados.
             Slain by a polar bear (17 damage)
             ... created by the rage of Trog
             ... on level 2 of the Dungeon.
             The game lasted 00:07:05 (1911 turns).

Rerark the Skirmisher (Ogre Berserker)              Turns: 1911, Time: 00:07:07

Health: -1/57      AC:  3    Str: 24    XL:     5   Next: 20%
Magic:  5/5        EV:  8    Int: 10    God:    Cheibriados [*.....]
Gold:   86         SH:  9    Dex: 10    Spells: 4/4 levels left

rFire    . . .     SeeInvis .   a - +0 hand axe
rCold    . . .     Gourm    .   h - +2 shield
rNeg     . . .     Faith    .   b - +0 animal skin
rPois    .         Spirit   .   (helmet restricted)
rElec    .         Reflect  .   (no cloak)
rCorr    .         Harm     .   (gloves unavailable)
MR       .....                  (boots unavailable)
Stlth    ..........             (no amulet)
HPRegen  0.19/turn              j - ring of attention (curse)
MPRegen  0.09/turn              (no ring)

@: slowed, very slow
A: large, unfitting armour, tough skin 1
a: Bend Time, Renounce Religion


You were on level 2 of the Dungeon.
You worshipped Cheibriados.
Cheibriados was aware of your devotion.
You were not hungry.

You visited 1 branch of the dungeon, and saw 2 of its levels.

You collected 86 gold pieces.

Inventory:

Hand Weapons
 a - a +0 hand axe (weapon)
Armour
 b - a +0 animal skin (worn)
 h - a +2 shield (worn)
Jewellery
 j - a cursed ring of attention (left hand)
Scrolls
 c - a scroll of fear {unknown}
 d - 6 scrolls of identify {unknown}
 e - a scroll of magic mapping {unknown}
 i - a scroll of enchant weapon {unknown}
Potions
 f - a potion of brilliance {unknown}
 g - a potion of resistance {unknown}
 k - a potion of berserk rage {unknown}
Comestibles
 l - a ration


   Skills:
 + Level 5.2 Fighting
 * Level 4.5 Axes
 + Level 3.2 Dodging
 + Level 0.2 Stealth
 + Level 0.5 Shields


You had 4 spell levels left.
You didn't know any spells.
Your spell library was empty.

Dungeon Overview and Level Annotations

Branches:
Dungeon (2/15)

Altars:
Cheibriados


Innate Abilities, Weirdness & Mutations

You are too large for most types of armour.
You have tough skin. (AC +1)


Message History

Natasha stares at you and mumbles some strange words.
The magic dart hits you!
You slash Natasha!
You kill Natasha!
Cheibriados thoroughly appreciates the change of pace.
Natasha screams in pain as she dies!
You have reached level 5!
You start resting.
Trog sends monsters to punish you.
The divine experience drains your vigour!
You feel yourself slow down. 2 polar bears and 2 black bears come into view.
You barely miss the polar bear. x2
You completely miss the polar bear.
You hit the polar bear but do no damage.
The polar bear bites you. You block the polar bear's attack. x2
The polar bear bites you! The polar bear claws you.
* * * LOW HITPOINT WARNING * * *
You block the polar bear's attack. The polar bear bites you!
You die...

###
############.##
#####
..............#
#....###
.###########.##
####......# .#
#.# .......#...
.# #.######.#.#
#.#_#.. .#
#..hh@hh...#
#..#... .#
########.###
#..†... .#
##.#### .# #.#
.########## #.#
#.........#
#.###
.########.#
#...#
.########.#
###.#
.....)....# #.#


You could see 2 polar bears and 2 black bears.

Vanquished Creatures
  Natasha (D:2)
  3 adders (D:2)
  5 oozes (D:1)
  A worm (D:1)
  3 dart slugs (D:1)
  A leopard gecko (D:1)
  2 bats (D:1)
  6 giant cockroaches (D:1)
  3 goblins (D:1)
  5 hobgoblins (D:1)
  4 jackals (D:1)
  8 kobolds
  A quokka (D:2)
  6 frilled lizards
  7 rats
56 creatures vanquished.

Notes
Turn   | Place    | Note
-------+----------+-------------------------------------------
     0 | D:1      | Rerark the Ogre Berserker began the quest for the Orb.
     0 | D:1      | Reached XP level 1. HP: 24/24 MP: 1/1
     1 | D:1      | Found a runed door.
    67 | D:1      | Reached XP level 2. HP: 24/33 MP: 2/2
   633 | D:1      | Reached XP level 3. HP: 41/41 MP: 3/3
   735 | D:1      | Reached ** piety under Trog
   855 | D:1      | Reached skill level 5 in Fighting
   866 | D:1      | Reached XP level 4. HP: 28/50 MP: 4/4
  1710 | D:2      | Found a faded altar of an unknown god.
  1720 | D:2      | Fell from the grace of Trog
  1720 | D:2      | Became a worshipper of Cheibriados the Contemplative
  1720 | D:2      | Reached * piety under Cheibriados
  1857 | D:2      | Noticed Natasha
  1862 | D:2      | Killed Natasha
  1862 | D:2      | Reached XP level 5. HP: 22/57 MP: 5/5
  1910 | D:2      | Noticed a black bear
  1910 | D:2      | Noticed a polar bear
  1910 | D:2      | Noticed a black bear
  1910 | D:2      | Noticed a polar bear
  1911 | D:2      | Slain by a polar bear

Skill      XL: |  1  2  3  4 |
---------------+-------------+-----
Dodging        | 3 |  3.2
Fighting       | 5 |  5.2
Axes           | 4 |  4.5
Stealth        | |  0.2
Shields        | |  0.5

Action                   |  1- 3 |  4- 6 || total
-------------------------+-------+-------++-------
Melee: Hand axe          |   115 |    60 ||   175
  Eat: Ration            |     1 |       ||     1
Armor: Animal skin       |    41 |    15 ||    56
Dodge: Dodged            |    52 |     9 ||    61
Block: Shield            |    15 |    30 ||    45
